 Dungeon Sprint DCSS version 0.30-a0-458-g86641cc369 (webtiles) character file.

Game seed: 16058852357763057683

6 BigDaddyOpFi the Shield-Bearer (level 1, 0/20 HPs)
             Began as a Minotaur Fighter on Dec 14, 2022.
             Slain by a black bear (3 damage)
             ... in the Dungeon (Sprint IX: "|||||||||||||||||||||||||||||").
             The game lasted 00:00:08 (28 turns).

BigDaddyOpFi the Shield-Bearer (Minotaur Fighter)     Turns: 28, Time: 00:00:09

Health: 0/20       AC:  7    Str: 20    XL:     1   Next: 75%
Magic:  0/0        EV:  9    Int:  5    God:
Gold:   0          SH:  4    Dex:  9    Spells: 0/0 levels left

rFire   . . .      SeeInvis .    a - +0 war axe
rCold   . . .      Faith    .    c - +0 buckler
rNeg    . . .      Spirit   .    b - +0 scale mail
rPois   .          Reflect  .    (helmet restricted)
rElec   .          Harm     .    (no cloak)
rCorr   .          Rampage  .    (no gloves)
Will    .....      NoTele   +    (no boots)
Stlth   ..........               (no amulet)
HPRegen 0.23/turn                (no ring)
MPRegen 0.07/turn                (no ring)

@: mighty
A: horns 2, retaliatory headbutt
a: no special abilities


You were in the Dungeon.
You visited 1 branch

Inventory:

Hand Weapons
 a - a +0 war axe (weapon)
Armour
 b - a +0 scale mail (worn)
 c - a +0 buckler (worn)
Scrolls
 j - a scroll of blinking
Potions
 e - a potion of curing
 f - a potion of heal wounds
 g - a potion of haste
 h - 2 potions of magic
 i - a potion of berserk rage


   Skills:
 + Level 4.2 Fighting
 + Level 3.2 Axes
 + Level 4.2 Armour
 + Level 4.2 Shields


You couldn't memorise any spells.
You didn't know any spells.
Your spell library was empty.

Dungeon Overview and Level Annotations

Branches:
Dungeon (1/1)

Altars:


Innate Abilities, Weirdness & Mutations

You have a pair of horns on your head.
You reflexively headbutt those who attack you in melee.


Message History

The ball python barely misses you. You furiously retaliate!
You headbutt the ball python!
You kill the ball python!
There is an open door to the Dungeon here.
Things that are here:
a ball python corpse; a hobgoblin corpse You open the door.
A black bear, a hound, 2 scorpions and a white imp come into view.
The black bear growls angrily.
The white imp shouts!
You slash the black bear!
The black bear is heavily wounded.
The black bear bites you.
The black bear claws you but does no damage. x2
You hit the black bear but do no damage.
The black bear is heavily wounded.
The black bear bites you but does no damage.
The black bear closely misses you.
The black bear claws you but does no damage.
The black bear barely misses you. You furiously retaliate!
You headbutt the black bear. The black bear closely misses you. x2
You closely miss the black bear.
The black bear is heavily wounded.
You block the black bear's attack. The black bear claws you. x2
You feel very mighty all of a sudden. The black bear bites you.
The black bear closely misses you. The black bear claws you.
You barely miss the black bear.
The black bear is heavily wounded.
You block the black bear's attack. The black bear barely misses you.
You block the black bear's attack. x2; The black bear claws you.
The black bear claws you but does no damage.
You slash the black bear!
The black bear is almost dead.
The black bear goes berserk!
You barely miss the black bear.
The black bear is almost dead.
The black bear bites you.
* * * LOW HITPOINT WARNING * * *
The black bear claws you.
You die...

▓.▓
▓.▓
▓.▓
▓†▓
▓.▓
▓.▓
▓.▓
▓.▓
▓@▓
▓h▓
▓s▓
▓h▓
▓s▓
▓5▓
▓.▓
▓+▓


You could see a black bear (berserk), 2 scorpions, a hound and a white imp.

Vanquished Creatures
  2 bats (D)
  An endoplasm (D)
  A hobgoblin (D)
  A ball python (D)
5 creatures vanquished.

Notes
Turn   | Place    | Note
-------+----------+-------------------------------------------
     0 | D        | BigDaddyOpFi the Minotaur Fighter began the quest for the
                  | Orb.
     0 | D        | Reached XP level 1. HP: 19/19 MP: 0/0
    21 | D        | Noticed a black bear
    21 | D        | Noticed a scorpion
    21 | D        | Noticed a hound
    21 | D        | Noticed a scorpion
    28 | D        | Slain by a black bear

Illustrated notes

Levels and vault maps discovered:
D:        linesprint [early_d, line_temple, items_1, d_10, items_2, lair_1,
          lair_end, items_3, orc_1, orc_end, items_4, d_15, swamp_1, shoals_1,
          snake_1, spider_1, d_20, vaults_1, items_5, swamp_end, shoals_end,
          snake_end, spider_end, vaults_end, d_27, items_6, zot_1, zot_end,
          crypt_end, forest_end, elf_end, slime_end, tomb_end, abyss_end,
          pan_hell_end]

Skill      XL: |  1 |
---------------+----+-----
Fighting       | 4 |  4.2
Axes           | 3 |  3.2
Armour         | 4 |  4.2
Shields        | 4 |  4.2

Action                   || total
-------------------------++-------
Melee: War axe           ||    17
       Headbutt          ||     2
  Use: Potion            ||     1
Armor: Scale mail        ||    15
Dodge: Dodged            ||    12
Block: Buckler           ||     8

Table legend: (Time is in decaauts)
 A = Elapsed time spent in this place.
 B = Non-inter-level travel time spent in this place.
 C = Inter-level travel time spent in this place.
 D = Time resting spent in this place.
 E = Time spent auto-exploring this place.
 F = Levels seen in this place.
 G = Mean time per level.
                   A        B        C        D        E       F      G
               +--------+--------+--------+--------+--------+-----+--------+
         Total |     34 |     34 |      0 |      0 |      0 |   1 |   34.0 |
       Dungeon |     34 |     34 |      0 |      0 |      0 |   1 |   34.0 |
               +--------+--------+--------+--------+--------+-----+--------+

Top non-repeatable levels by time:
       D: 34 daAuts
